Map: Jagannatha LE

Players

Vanroyan

  • Race: Zerg Zerg
  • League: Platinum
  • Spawn Location: 7:00

VOD

Have the link to the VOD?

Description

Time

  • Played on: Jan. 22, 2021, 8:03 p.m.
  • Length: 5:53
Show
View Real Time Build Order
Export as new Build Order

Vanroyan Zerg 

Build Orders:  

Get SALT Encoding   

  12  0:02  Drone  
  13  0:17  Overlord  
  13  0:23  Drone  
  14  1:00  Hatchery  
  14  1:04  Drone  
  14  1:11  Drone  
  14  1:16  Drone  
  16  1:25  Extractor  
  15  1:43  Spawning Pool  
  15  1:47  Drone  
  15  1:53  Drone  
  15  1:59  Drone  
  17  2:07  Drone  
  18  2:20  Drone  
  19  2:35  Overlord  
  19  2:50  Zergling x4  
  19  2:53  Queen  
  19  2:56  Zergling x2  
  24  3:05  Zergling x2  
  25  3:11  Zergling x2  
  26  3:20  Zergling x2  
  26  3:26  Zergling x2  
  28  3:35  Zergling x2  
  29  3:41  Zergling x2  
  29  3:43  Queen  
  32  3:51  Zergling x2  
  32  3:56  Zergling x2  
  34  4:05  Zergling x2  
  35  4:11  Zergling x2  
Tags
 
Add a new tag
Caveats
  • Supply blocks, unpowered buildings, or Contaminate may cause inaccurate times.
  • Supply counts are checked every 10 seconds.